 Dungeon Crawl Stone Soup version 0.27-b1-41-gafb5482f4b (webtiles) character file.

Game seed: 9375142622191740466

394 Brandom the Chucker (level 6, -2/52 HPs)
             Began as a Demigod Hunter on July 28, 2021.
             Slain by a phantom (7 damage)
             ... on level 5 of the Dungeon.
             The game lasted 00:07:40 (4313 turns).

Brandom the Chucker (Demigod Hunter)                Turns: 4313, Time: 00:07:41

Health: -2/52      AC:  6    Str: 21    XL:     6   Next: 26%
Magic:  17/17      EV: 11    Int: 13    God:
Gold:   140        SH:  0    Dex: 20    Spells: 5/5 levels left

rFire    . . .     SeeInvis .   p - +2 hand axe (venom)
rCold    . . .     Faith    .   (no shield)
rNeg     . . .     Spirit   .   r - +0 scale mail
rPois    .         Reflect  .   (no helmet)
rElec    .         Harm     .   (no cloak)
rCorr    .         Rampage  .   (no gloves)
Will     .....                  (no boots)
Stlth    +.........             (no amulet)
HPRegen  0.17/turn              e - +6 ring of dexterity
MPRegen  0.15/turn              v - ring of magical power

@: no status effects
A: high mp 1, forlorn
a: no special abilities


You were on level 5 of the Dungeon.
You visited 1 branch of the dungeon, and saw 5 of its levels.

You collected 140 gold pieces.

Inventory:

Hand Weapons
 a - a +0 short sword
 i - a +1 short sword of protection
   (You took it off a kobold on level 1 of the Dungeon)
 p - a +2 hand axe of venom (weapon)
   (You found it on level 2 of the Dungeon)
Missiles
 c - 3 javelins (quivered)
 d - 2 throwing nets {!f}
 j - 55 poisoned darts
Armour
 b - a +0 leather armour
 r - a +0 scale mail (worn)
   (You took it off Terence on level 2 of the Dungeon)
Jewellery
 e - a +6 ring of dexterity (left hand)
   (You found it on level 1 of the Dungeon)
 v - a ring of magical power (right hand)
   (You found it on level 3 of the Dungeon)
Scrolls
 f - a scroll of silence {unknown}
 h - a scroll of acquirement {unknown}
 l - 2 scrolls of identify {unknown}
 m - a scroll of enchant armour {unknown}
 q - 2 scrolls of enchant weapon {unknown}
 s - a scroll of holy word {unknown}
Potions
 g - a potion of curing {@q1}
 k - a potion of mutation {unknown}
 n - 2 potions of flight {unknown}
 o - a potion of brilliance {unknown}
 t - a potion of attraction {unknown}
 u - a potion of berserk rage {unknown}


   Skills:
 * Level 4.2 Fighting
 * Level 5.3 Throwing
 + Level 3.2 Dodging
 - Level 0.8 Stealth


You had 5 spell levels left.
You didn't know any spells.
Your spell library contained the following spells:

 Spells                   Type           Power      Damage    Failure   Level
 Apportation              Tloc           0%         N/A       65%         1
 Stone Arrow              Conj/Erth      0%         3d7       95%         3
 Animate Armour           Summ/Erth      0%         N/A       100%        4
 Alistair's Intoxication  Tmut/Pois      0%         N/A       100%        5
 Invisibility             Hex            0%         N/A       100%        6
 Lehudib's Crystal Spear  Conj/Erth      0%         10d2      100%        8


Dungeon Overview and Level Annotations

Branches:
Dungeon (5/15)             Temple (0/1) D:5

Shops:
D:2 :


Innate Abilities, Weirdness & Mutations

Your attributes grow dramatically as you level up.
You have an increased reservoir of magic. (+10% MP)
You shall have no god before yourself.


Message History

A phantom comes into view.
The phantom hits you!
You completely miss the phantom. The phantom hits you.
You hit the phantom. The phantom hits you.
You slash the phantom! The phantom closely misses you. The phantom hits you.
The phantom blinks!
You blink.
You miss the phantom. The phantom hits you.
You barely miss the phantom. The phantom closely misses you.
You hit the phantom. The phantom hits you. The phantom barely misses you.
You miss the phantom. The phantom hits you.
You barely miss the phantom. The phantom misses you.
You slash the phantom! The phantom hits you!
* * * LOW HITPOINT WARNING * * *
You hit the phantom. The phantom hits you.
* * * LOW HITPOINT WARNING * * *
The phantom hits you.
* * * LOW HITPOINT WARNING * * *
You closely miss the phantom. The phantom hits you.
* * * LOW HITPOINT WARNING * * *
The phantom blinks!
You blink.
Found 17 gold pieces.
A jelly and an orc come into view.
Unknown command.
It was a potion of curing.
You feel better.
The jelly quivers.
The phantom hits you but does no damage.
Throw: 6 javelins
Aim: a phantom (heavily damaged, 57% to hit)
You throw a javelin. The javelin misses the phantom.
The phantom hits you.
* * * LOW HITPOINT WARNING * * *
Unknown command.
Throw: 5 javelins
Aim: a phantom (heavily damaged, 57% to hit)
You throw a javelin.
The javelin pierces through the phantom.
The phantom hits you!
* * * LOW HITPOINT WARNING * * *
Unknown command.
The phantom hits you but does no damage.
Unknown command.
Throw: 4 javelins
Aim: a phantom (severely damaged, 57% to hit)
You throw a javelin.
The javelin pierces through the phantom.
The phantom hits you.
* * * LOW HITPOINT WARNING * * *
The phantom blinks!
You blink.
The orc closely misses you. The phantom hits you!
You die...

..#>.........#
#.....#......#
#............# ###
#...........####.##
#.............##..#
.......#..........###
....................##
...............#§W...#
..##..........##@....#
..# .#.....#####oJ.###
.## .###... ..### .##.
#... .... .... ##..
..... .... ... ......#
... ...####..$.. .##.
##...# ....


You could see a phantom, a jelly and an orc.

Vanquished Creatures
  An ogre (D:4)
  Blork the orc (D:4)
  A howler monkey (D:4)
  A hound (D:4)
  An iguana (D:4)
  Terence (D:2)
  3 gnolls (D:3)
  2 adders (D:3)
  An adder skeleton (D:5)
  A worm (D:3)
  A dart slug (D:2)
  5 orcs (D:3)
  6 endoplasms
  3 giant cockroaches
  6 goblins
  9 hobgoblins
  6 jackals
  4 kobolds
  7 ball pythons
  5 bats
  4 frilled lizards
  2 rats
71 creatures vanquished.

Notes
Turn   | Place    | Note
-------+----------+-------------------------------------------
     0 | D:1      | Brandom the Demigod Hunter began the quest for the Orb.
     0 | D:1      | Reached XP level 1. HP: 17/17 MP: 3/3
   764 | D:1      | Reached XP level 2. HP: 21/24 MP: 4/4
  1594 | D:2      | Reached skill level 4 in Throwing
  1684 | D:2      | Noticed Terence
  1704 | D:2      | Killed Terence
  1705 | D:2      | Reached XP level 3. HP: 24/30 MP: 5/5
  1886 | D:2      | Found Vifugemo's Book Shoppe.
  2418 | D:3      | Reached XP level 4. HP: 24/38 MP: 6/6
  3545 | D:4      | Noticed an ogre
  3551 | D:4      | Killed an ogre
  3552 | D:4      | Reached XP level 5. HP: 34/46 MP: 7/7
  3647 | D:4      | Noticed Blork the orc
  3656 | D:4      | Killed Blork the orc
  3657 | D:4      | Reached skill level 5 in Throwing
  3785 | D:4      | Reached XP level 6. HP: 43/52 MP: 8/8
  4236 | D:5      | Entered Level 5 of the Dungeon
  4236 | D:5      | Found a staircase to the Ecumenical Temple.
  4313 | D:5      | Slain by a phantom

Illustrated notes

Levels and vault maps discovered:
D:1:      heliophobic_arrival_enchanted_forest, layout_loops_corners,
          hellmonk_ecumenical_altar_run_dry, minmay_misc_feat_square,
          minmay_crystal_room, minmay_misc_feat_iff, patterned_corridor
D:2:      layout_rooms, serial_shops, shop, minmay_quantized, uniq_terence
D:3:      layout_basic, lemuel_tele_altar
D:4:      layout_cave_pools, mainiacjoe_overflow_small_starburst,
          uniq_blork_the_orc
D:5:      layout_cave_pools, mainiacjoe_overflow_six_doors_small,
          minmay_temple_entry_mist

Skill      XL: |  1  2  3  4  5 |
---------------+----------------+-----
Fighting       | 2 3 4 |  4.2
Dodging        | 2 3 |  3.2
Throwing       | 4 5 |  5.3
Stealth        | |  0.8

Action                   |  1- 3 |  4- 6 || total
-------------------------+-------+-------++-------
Melee: Short sword       |    86 |       ||    86
       Hand axe          |    40 |    76 ||   116
Throw: Dart              |     4 |     6 ||    10
       Javelin           |       |     3 ||     3
  Use: Potion            |       |     1 ||     1
 Stab: Sleeping          |     4 |       ||     4
Armor: Leather armour    |    30 |       ||    30
       Scale mail        |    11 |    24 ||    35
Dodge: Dodged            |    68 |    58 ||   126
